 Dungeon Crawl Stone Soup version 0.28.0-43-g3370ac3207 (webtiles) character file.

Game seed: 6553044005684173698

19 nickcage the Vexing (level 2, -4/13 HPs)
             Began as a Spriggan Enchanter on Mar 29, 2022.
             Killed from afar by Natasha (7 damage)
             ... with a magic dart
             ... on level 1 of the Dungeon.
             The game lasted 00:04:48 (1977 turns).

nickcage the Vexing (Spriggan Enchanter)            Turns: 1977, Time: 00:04:49

Health: -4/13      AC:  2    Str:  4    XL:     2   Next: 55%
Magic:  6/6        EV: 17    Int: 16    God:
Gold:   76         SH:  0    Dex: 15    Spells: 4/6 levels left

rFire   . . .      SeeInvis +   a - +1 dagger
rCold   . . .      Faith    .   (no shield)
rNeg    . . .      Spirit   .   b - +0 robe
rPois   .          Reflect  .   (helmet restricted)
rElec   .          Harm     .   (no cloak)
rCorr   .          Rampage  .   (gloves unavailable)
Will    .....                   (boots unavailable)
Stlth   +++.......              (no amulet)
HPRegen 0.04/turn               (no ring)
MPRegen 0.10/turn               (no ring)

@: very quick
A: very small, no large weapons, unfitting armour, see invisible, speed 3
a: no special abilities


You were on level 1 of the Dungeon.
You visited 1 branch of the dungeon, and saw 2 of its levels.

You collected 76 gold pieces.

Inventory:

Hand Weapons
 a - a +1 dagger (weapon)
Missiles
 e - 8 poisoned darts (quivered)
Armour
 b - a +0 robe (worn)
Scrolls
 d - a scroll of magic mapping {unknown}
 f - a scroll of immolation {unknown}
 i - a scroll of vulnerability {unknown}
 j - a scroll of fear {unknown}
 k - a scroll of enchant weapon {unknown}
Potions
 c - a potion of invisibility
 g - 2 potions of attraction {unknown}
 h - a potion of curing {unknown}


   Skills:
 - Level 1.1 Short Blades
 - Level 0.1 Throwing
 - Level 2.6 Dodging
 - Level 4.4 Stealth
 - Level 2.6 Spellcasting
 + Level 4.7 Hexes


You had 4 spell levels left.
You knew the following spells:

 Your Spells              Type           Power      Damage    Failure   Level
a - Ensorcelled Hibernat  Hex/Ice        18%        N/A       11%         2

Your spell library contained the following spells:

 Spells                   Type           Power      Damage    Failure   Level
 Confusing Touch          Hex            17%        N/A       9%          3
 Tukima's Dance           Hex            17%        N/A       9%          3
 Dazzling Flash           Conj/Hex       18%        N/A       22%         3
 Ignite Poison            Fire/Tmut/Pois 2%         N/A       50%         3
 Mephitic Cloud           Conj/Pois/Air  2%         N/A       50%         3
 Freezing Cloud           Conj/Ice/Air   1%         6-21      99%         5


Dungeon Overview and Level Annotations

Branches:
Dungeon (2/15)

Altars:

Annotations:
D:1 Natasha


Innate Abilities, Weirdness & Mutations

You are very small and have problems with some larger weapons.
You are too small for most types of armour.
You have supernaturally acute eyesight. (SInv)
You cover ground extremely quickly. (Speed+++)


Message History

The helpless goblin fails to defend itself.
You impale the goblin!!
You kill the goblin!
Natasha growls.
Casting: Ensorcelled Hibernation (safe; 11% risk of failure)
Confirm with . or Enter, or press ? or * to list all spells.
Aiming: Ensorcelled Hibernation (safe; 11% risk of failure)
Press: ? - help, Shift-Dir - straight line, f - Natasha
Aim: Natasha (chance to affect: 43%) Natasha resists with some effort.
Natasha completely misses you.
You hit Natasha.
Natasha is moderately wounded.
Natasha claws you!
Ouch! That really hurt!
Natasha claws you.
* * * LOW HITPOINT WARNING * * *
You climb upwards.
The white imp disappears in a puff of smoke!
Your magical contamination has completely faded away.
There is a stone staircase leading down here.
Natasha casts a spell at you.
You feel yourself slow down.
You feel yourself speed up.
There is a stone staircase leading down here.
You climb downwards.
There is a stone staircase leading up, spattered with blood here.
You start resting.
Magic restored.
You start resting.
HP restored.
You climb upwards.
Level annotation: Natasha Natasha stares at you and mumbles some strange words.
The magic dart hits you!
Ouch! That really hurt!
* * * LOW HITPOINT WARNING * * *
Natasha casts a spell at you. The magic dart hits you!
Ouch! That really hurt!
You die...

##.#####[###...# #.....# ####
#.####...###.## ####..####...
##.........##.######## #.###.....
............#..h.....# #.# #.#.##
##.............#####.# #.###.#.##
#................##.###.......##
##.............##.##...#####.####
............##.#.....#..# #.####
####.#.....###..@h......# #.....
####.##.......####.##.#.## ######
≈≈.......####### #.##....#
.....≈.≈..## ≈≈###h####..###
...≈..≈...≈##≈##.#.........#
≈≈≈≈≈≈≈≈≈≈≈≈≈≈#..#.#.......#
≈≈≈≈≈≈.≈≈≈≈≈≈##..#.........#
..≈........####.....#..#...#
.≈≈≈..≈.≈#.................##


You could see Natasha.

Vanquished Creatures
  A ball python (D:1)
  An endoplasm (D:1)
  A giant cockroach (D:2)
  2 goblins
  3 hobgoblins (D:1)
  A quokka (D:2)
  3 bats (D:1)
  3 frilled lizards (D:1)
  A kobold (D:1)
  3 rats (D:1)
19 creatures vanquished.

Notes
Turn   | Place    | Note
-------+----------+-------------------------------------------
     0 | D:1      | nickcage the Spriggan Enchanter began the quest for the
                  | Orb.
     0 | D:1      | Reached XP level 1. HP: 9/9 MP: 5/5
   574 | D:1      | Reached XP level 2. HP: 13/13 MP: 6/6
   577 | D:1      | Learned a level 2 spell: Ensorcelled Hibernation
  1413 | D:2      | Found a faded altar of an unknown god.
  1413 | D:2      | Noticed Natasha
  1977 | D:1      | Killed from afar by Natasha

Illustrated notes

Levels and vault maps discovered:
D:1:      grunt_arrival_crossed_arrows, layout_loops_cross,
          chequers_serial_rivers_small_3, solitary_fountain,
          minmay_misc_feat_plants, serial_park_tiny_pond
D:2:      layout_basic, hellmonk_ecumenical_altar_heavens_door, uniq_natasha

Skill      XL: |  1 |
---------------+----+-----
Hexes          | 4 |  4.7
Short Blades   | |  1.1
Throwing       | |  0.1
Dodging        | |  2.6
Stealth        | |  4.4
Spellcasting   | |  2.6

Action                   || total
-------------------------++-------
Melee: Dagger            ||    35
Throw: Dart              ||    19
 Cast: Ensorcelled Hiber ||     6
 Stab: Sleeping          ||    11
Armor: Robe              ||     4
Dodge: Dodged            ||    19
